 Dungeon Crawl Stone Soup version 0.26.1-11-gd32895ea62 (webtiles) character file.

Game seed: 5087805477824844003

29 Glamhuggeren the Firebug (level 3, 24/24 HPs)
             Began as a Demonspawn Fire Elementalist on June 18, 2021.
             Got out of the dungeon alive.
             The game lasted 00:07:01 (1108 turns).

Glamhuggeren the Firebug (DsFE)                     Turns: 1108, Time: 00:07:02

Health: 24/24      AC:  2    Str:  8    XL:     3   Next: 1%
Magic:  7/7        EV: 12    Int: 17    God:
Gold:   35         SH:  0    Dex: 13    Spells: 6/7 levels left

rFire    . . .     SeeInvis .   c - +0 short sword
rCold    . . .     Faith    .   (no shield)
rNeg     . . .     Spirit   .   a - +0 robe
rPois    .         Reflect  .   (no helmet)
rElec    .         Harm     .   (no cloak)
rCorr    .         Rampage  .   (no gloves)
Will     .....                  (no boots)
Stlth    ++........             (no amulet)
HPRegen  0.08/turn              (no ring)
MPRegen  0.10/turn              (no ring)

@: no status effects
A: hooves 1, miasma immunity
a: no special abilities


You escaped.
You visited 1 branch of the dungeon, and saw 1 of its levels.

You collected 35 gold pieces.

Inventory:

Hand Weapons
 c - a +0 short sword (weapon)
Missiles
 d - 21 stones
Armour
 a - a +0 robe (worn)
Scrolls
 b - a scroll of enchant weapon {unknown}


   Skills:
 - Level 2.0 Dodging
 - Level 2.0 Stealth
 + Level 2.8 Spellcasting
 - Level 1.0 Conjurations
 - Level 3.0 Fire Magic


You had 6 spell levels left.
You knew the following spells:

 Your Spells              Type           Power        Failure   Level
a - Foxfire               Conj/Fire      36%          8%          1

Your spell library contained the following spells:

 Spells                   Type           Power        Failure   Level
 Conjure Flame            Conj/Fire      9%           24%         3
 Inner Flame              Hex/Fire       7%           28%         3
 Sticky Flame             Conj/Fire      9%           61%         4
 Fireball                 Conj/Fire      4%           91%         5


Dungeon Overview and Level Annotations

Branches:
Dungeon (1/15)

Altars:


Innate Abilities, Weirdness & Mutations

You have large cloven feet.
You are immune to miasma.


Message History

The jackal bites you. The jackal completely misses you.
You hit the jackal.
The jackal is heavily wounded.
The jackal barely misses you.
You hit the jackal.
You kill the jackal!
You closely miss the goblin. The goblin misses you.
You hit the goblin.
You kill the goblin!
You have reached level 3!
Your experience leads to an increase in your attributes!
Increase (S)trength, (I)ntelligence, or (D)exterity?
You feel clever.
Your demonic ancestry asserts itself...
Your feet thicken and deform.
There is an open door here.
You see here a goblin corpse.
There is an open door here.
There is a staircase leading out of the dungeon here.
Are you sure you want to leave the Dungeon?
This will make you lose the game!
You have escaped! #.PP.PP.PP.PP.PP.PP.# #.PP.P.PP.P.PP.P.PP.# . #.PP.P.P.PPP.P.P.PP.# ... #.PP.P.PP.P.PP.P.PP.# .... #.PP.PP.PP.PP.PP.PP.# .... #.PPP.PP.PPP.PP.PPP.# .... #.PPP.PPP...PPP.PPP.# .... #)PPPP..PPPPP..PPPP.# .... #.PPPPPP..@..PPPPPP(# #### #.PPPPPPPPPPPPPPPPP.#

#................#..#
######.............## ####
#.............# ## ...#
#.............# #. ...#
#########'#[..#######.
..†########## #.#...##......
............########.#....#......


There were no monsters in sight!

Vanquished Creatures
  An ooze (D:1)
  A leopard gecko (D:1)
  5 goblins (D:1)
  3 jackals (D:1)
  4 kobolds (D:1)
  2 bats (D:1)
  4 frilled lizards (D:1)
  3 rats (D:1)
23 creatures vanquished.

Vanquished Creatures (others)
  29 foxfires (D:1)
  A plant (D:1)
30 creatures vanquished.

Grand Total: 53 creatures vanquished

Notes
Turn   | Place    | Note
-------+----------+-------------------------------------------
     0 | D:1      | Glamhuggeren the Demonspawn Fire Elementalist began the
                  | quest for the Orb.
     0 | D:1      | Reached XP level 1. HP: 13/13 MP: 3/3
   522 | D:1      | Gained mutation: You are immune to miasma. [demonic
                  | ancestry]
   522 | D:1      | Reached XP level 2. HP: 19/19 MP: 3/5
   658 | D:1      | Reached skill level 3 in Fire Magic
  1049 | D:1      | Gained mutation: You have large cloven feet. [demonic
                  | ancestry]
  1049 | D:1      | Reached XP level 3. HP: 21/24 MP: 4/7
  1108 | D:$      | Got out of the dungeon alive.

Illustrated notes

Levels and vault maps discovered:
D:1:      roderic_crop_circles_arrival_small, layout_basic

Skill      XL: |  1  2 |
---------------+-------+-----
Stealth        | 2 |  2.0
Dodging        | 2 |  2.0
Fire Magic     | 3 |  3.0
Spellcasting   | |  2.8
Conjurations   | |  1.0

Action                   || total
-------------------------++-------
Melee: Unarmed           ||    13
       Short sword       ||    21
 Cast: Foxfire           ||    23
Armor: Robe              ||     2
Dodge: Dodged            ||    35
